 Dungeon Crawl Stone Soup version 0.31.0-12-g77e489cdc1 (webtiles) character file.

Game seed: 8477109939445999895

51 hawla the Shield-Bearer (level 3, -2/33 HPs)
             Began as a Minotaur Fighter on Feb 18, 2024.
             Slain by a gnoll
             ... wielding a +0 flail
              (8 damage)
             ... on level 2 of the Dungeon.
             The game lasted 00:02:18 (963 turns).

hawla the Shield-Bearer (Minotaur Fighter)           Turns: 963, Time: 00:02:18

Health: -2/33      AC:  6    Str: 20    XL:     3   Next: 57%
Magic:  2/2        EV: 10    Int:  5    God:
Gold:   75         SH:  5    Dex: 11    Spells: 2/2 levels left

rFire   . . .        a - +0 long sword
rCold   . . .        c - +0 buckler
rNeg    . . .        b - +0 scale mail
rPois   .            (helmet restricted)
rElec   .            (no cloak)
rCorr   .            (no gloves)
SInv    .            (no boots)
Will    .....        (no amulet) Stlth
                     (no ring)
HPRegen 0.25/turn    (no ring)
MPRegen 0.08/turn

%: no passive effects
@: mighty, hasted, very quick
A: horns 2, retaliatory headbutt
a: no special abilities


You were on level 2 of the Dungeon.
You visited 1 branch of the dungeon, and saw 2 of its levels.

You collected 75 gold pieces.

Inventory:

Hand Weapons
 a - a +0 long sword (weapon)
 f - a +0 triple sword of holy wrath
Armour
 b - a +0 scale mail (worn)
 c - a +0 buckler (worn)
Jewellery
 g - a ring of ice
Scrolls
 h - a scroll of fog {unknown}
 i - a scroll of revelation {unknown}
Potions
 j - a potion of magic {unknown}
 k - a potion of curing {unknown}


   Skills:
 - Level 4.0 Fighting
 - Level 2.4 Long Blades
 - Level 3.6 Armour
 + Level 2.2 Dodging
 + Level 4.5 Shields


You had 2 spell levels left.
You didn't know any spells.
Your spell library was empty.

Dungeon Overview and Level Annotations

Branches:
Dungeon (2/15)

Altars:


Innate Abilities, Weirdness & Mutations

You have a pair of horns on your head.
You reflexively headbutt those who attack you in melee.


Message History

Found an escape hatch in the floor.
A gnoll comes into view. It is wielding a +0 flail.
The gnoll shouts!
You hear a shout!
A gnoll comes into view. It is wielding a +0 club.
There are monsters nearby!
There are monsters nearby!
A gnoll comes into view. It is wielding a +0 whip.
Found a leather armour.
The gnoll shouts!
You block the gnoll's attack.
You hit the gnoll but do no damage. Your headbutt misses the gnoll.
The gnoll hits you but does no damage. You block the gnoll's attack.
You hit the gnoll but do no damage. The gnoll hits you with a +0 club.
The gnoll completely misses you. x2; The gnoll hits you with a +0 club!
The gnoll barely misses you. You furiously retaliate!
You headbutt the gnoll! The gnoll hits you with a +0 flail.
You slash the gnoll!
You kill the gnoll!
The gnoll hits you with a +0 club. You block the gnoll's attack.
You hit the gnoll.
The gnoll is moderately wounded.
The gnoll hits you with a +0 club. The gnoll closely misses you.
You completely miss the gnoll.
You headbutt the gnoll, but do no damage.
The gnoll is moderately wounded.
You block the gnoll's attack. The gnoll barely misses you.
The gnoll hits you with a +0 flail! The gnoll hits you with a +0 club.
* * * LOW HITPOINT WARNING * * *
You are too injured to fight recklessly!
You are too injured to fight recklessly!
It was a potion of haste.
You feel yourself speed up. The gnoll hits you but does no damage.
The gnoll barely misses you. You furiously retaliate!
You headbutt the gnoll.
You feel very mighty all of a sudden.
You barely miss the gnoll.
The gnoll is lightly wounded.
The gnoll hits you with a +0 club.
* * * LOW HITPOINT WARNING * * *
The gnoll hits you with a +0 flail!
You die...

### ..### ###### [...
### #######....##..# ..
...>.......#)g.#
###########.##.#@g.#
...................#
###########.##.#...#
##...†.................
...########.##.#.......
.####### #.##.#...####
........ ..##.#...#
###.##.# ####.#...# #
#.##.# #.#...#


You could see 2 gnolls.

Vanquished Creatures
  A gnoll (D:2)
  An adder (D:2)
  2 dart slugs (D:1)
  4 bats
  2 endoplasms
  2 giant cockroaches (D:1)
  2 goblins (D:1)
  2 hobgoblins (D:1)
  3 kobolds
  A quokka (D:1)
  3 ball pythons
  2 frilled lizards
  3 rats
28 creatures vanquished.

Notes
Turn   | Place    | Note
-------+----------+-------------------------------------------
     0 | D:1      | hawla the Minotaur Fighter began the quest for the Orb.
     0 | D:1      | Reached XP level 1. HP: 19/19 MP: 0/0
     4 | D:1      | Noticed an anaconda
   107 | D:1      | Reached XP level 2. HP: 27/27 MP: 1/1
   145 | D:1      | Reached skill level 1 in Dodging
   527 | D:1      | Noticed a four-headed hydra
   711 | D:2      | Identified a scroll of acquirement
   711 | D:2      | Acquired a +0 triple sword of holy wrath
   793 | D:2      | Reached XP level 3. HP: 27/33 MP: 2/2
   963 | D:2      | Slain by a gnoll

Illustrated notes

Levels and vault maps discovered:
D:1:      sevenhm_arrival_forest_fort_small_2, layout_basic
D:2:      layout_basic, serial_shops, shop, minmay_liquid_box,
          minmay_heptomino_l4, uniq_robin

Skill      XL: |  1  2  3 |
---------------+----------+-----
Fighting       | 4 |  4.0
Dodging        | 1 2 |  2.2
Shields        | 4 |  4.5
Long Blades    | |  2.4
Armour         | |  3.6

Action                     || total
---------------------------++-------
  Melee: Long sword        ||    77
         Headbutt          ||    12
    Use: Scroll            ||     3
         Potion            ||     2
 Armour: Scale mail        ||    59
  Dodge: Dodged            ||    35
  Block: Buckler           ||    17
